 Dungeon Crawl Stone Soup version 0.32-a0-377-g951292165a (webtiles) character file.

Game seed: 17423868217896236758

207380 Vendren the Conqueror (level 18, -2/182 HPs)
             Began as a Barachi Warper on Feb 17, 2024.
             Was the Champion of Qazlal.
             Slain by an air elemental (10 damage)
             ... while paralysed by an air elemental
             ... on level 4 of the Shoals on Feb 19, 2024.
             The game lasted 10:43:41 (28537 turns).

Vendren the Conqueror (Barachi Warper)             Turns: 28537, Time: 10:43:42

Health: -2/182     AC: 24    Str: 24    XL:     18   Next: 75%
Magic:  5/31       EV:  2    Int: 26    God:    Qazlal [******]
Gold:   344        SH:  0    Dex: 17    Spells: 10/35 levels left

rFire   . . .        Y - +2 halberd (vamp)
rCold   . . .        (shield currently unavailable)
rNeg    + . .        w - +3 troll leather armour {Snorg}
rPois   +            W - +2 helmet {SInv}
rElec   .            K - +2 cloak
rCorr   .            U - +2 pair of gloves {Str+3}
SInv    +            s - +0 pair of boots
Will    ++...        Z - amulet of reflection
Stlth   +            X - ring "Sutokyze" {^Drain rPois Str+4 Int+8}
HPRegen 2.10/turn    x - ring "Koym" {^Drain rPois rN+ Int+4}
MPRegen 0.22/turn

%: repel missiles, reflection
@: paralysed, protected from physical damage, unable to hop, hasted, studying
Armour, slow
A: amphibious, slowness 1, strong legs 2, +LOS, agile 1, strong-willed 1,
regeneration 1
}: 1/15 runes: serpentine
a: Hop, Renounce Religion, Upheaval, Elemental Force, Disaster Area


You were on level 4 of the Shoals.
You worshipped Qazlal.
Qazlal was exalted by your worship.
You visited 6 branches of the dungeon, and saw 30 of its levels.
You also visited: Bailey and Gauntlet.

You collected 2533 gold pieces.
You spent 2189 gold pieces at shops.

Inventory:

Hand Weapons
 L - the +8 trident of the Octopus King {venom, rElec rPois}
   (You found it on level 5 of the Lair of Beasts)

   rElec:     It insulates you from electricity.
   rPois:     It protects you from poison
 T - a +3 quarterstaff of chaos
 Y - a +2 vampiric halberd (weapon)
Missiles
 d - 3 darts of dispersal
 f - 5 datura-tipped darts
 z - 3 curare-tipped darts
 A - 6 atropa-tipped darts
 G - 12 boomerangs (quivered)
 V - a throwing net
Armour
 g - a +0 plate armour of fire resistance
 s - a +0 pair of boots (worn)
 w - a +3 troll leather armour (worn) {Snorg}
 F - a +2 hat of willpower
 K - a +2 cloak (worn)
 Q - a +3 chain mail
 U - a +2 pair of gloves of strength (worn)
 W - a +2 helmet of see invisible (worn)
Jewellery
 b - the ring "Avufinna" {Wiz rF+}
   (You acquired it on level 7 of the Dungeon)

   [ring of wizardry]

   Wiz:       It improves your spell success rate.
   rF+:       It protects you from fire.
 x - the ring "Koym" (right hand) {^Drain rPois rN+ Int+4}
   (You found it in a Gauntlet)

   [ring of poison resistance]

   Int+4:     It affects your intelligence (+4).
   rPois:     It protects you from poison rN+: It protects you from negative
   energy.
   ^Drain:    It drains your maximum health when unequipped.
 C - a ring of protection from cold
 X - the ring "Sutokyze" (left hand) {^Drain rPois Str+4 Int+8}
   (You found it on level 3 of the Shoals)

   [ring of poison resistance]

   Str+4:     It affects your strength (+4).
   Int+8:     It affects your intelligence (+8).
   rPois:     It protects you from poison ^Drain: It drains your maximum health
   when unequipped.
 Z - an amulet of reflection (around neck)
Wands
 i - a wand of roots (11)
 t - a wand of acid (8)
 J - a wand of polymorph (11)
 P - a wand of charming (8)
 S - a wand of flame (10)
Scrolls
 a - 3 scrolls of teleportation
 h - 3 scrolls of fog
 k - a scroll of torment {unknown}
 m - 2 scrolls of brand weapon {unknown}
 q - 4 scrolls of enchant weapon
 r - 2 scrolls of silence {unknown}
 B - 6 scrolls of revelation
Potions
 j - 9 potions of brilliance
 l - 8 potions of resistance
 n - 5 potions of might
 p - a potion of curing
 u - 2 potions of magic
 v - 3 potions of invisibility
 y - 7 potions of enlightenment
 D - 2 potions of ambrosia
 H - 2 potions of cancellation {unknown}
 M - a potion of mutation
Miscellaneous
 e - a lightning rod (1/4)
 R - a tin of tremorstones (2/2)


   Skills:
 O Level 27 Fighting
 + Level 7.9(11.5) Polearms
 - Level 14.2(15.1) Staves
 - Level 12.4 Throwing
 * Level 17.1 Armour
 - Level 10.0 Dodging
 - Level 2.0 Stealth
 - Level 9.0 Spellcasting
 - Level 8.0 Translocations
 - Level 4.0 Air Magic
 - Level 3.1 Invocations
 + Level 5.2 Evocations


You had 10 spell levels left.
You knew the following spells:

 Your Spells              Type           Power      Damage    Failure   Level
a - Blink                 Tloc           100%       N/A       1%          2
b - Lesser Beckoning      Tloc           100%       N/A       1%          2
c - Teleport Other        Tloc           52%        N/A       1%          3
d - Jinxbite              Hex            22%        N/A       9%          2
e - Vhi's Electric Charg  Tloc/Air       84%        N/A       4%          4
f - Dazzling Flash        Conj/Hex       22%        N/A       16%         3
g - Manifold Assault      Tloc           52%        N/A       1%          4
h - Dimensional Bullseye  Hex/Tloc       16%        N/A       11%         4
i - Slow                  Hex            44%        N/A       5%          1

Your spell library contained the following spells:

 Spells                   Type           Power      Damage    Failure   Level
 Momentum Strike          Conj/Tloc      64%        3d9       1%          2
 Volatile Blastmotes      Fire/Tloc      64%        2d15      3%          3
 Freeze                   Ice            44%        1d6       5%          1
 Scorch                   Fire           22%        2d5       9%          2
 Call Canine Familiar     Summ           11%        N/A       16%         3
 Confusing Touch          Hex            11%        N/A       16%         3
 Frozen Ramparts          Ice            22%        1d4       16%         3
 Hailstorm                Conj/Ice       11%        3d6       16%         3
 Inner Flame              Hex/Fire       11%        N/A       16%         3
 Sigil of Binding         Hex            11%        N/A       16%         3
 Vampiric Draining        Necr           11%        2d6       16%         3
 Animate Dead             Necr           11%        N/A       47%         4
 Flame Wave               Conj/Fire      11%        2d6       47%         4
 Leda's Liquefaction      Alch/Erth      5%         N/A       47%         4
 Sticky Flame             Fire/Alch      11%        2d5       47%         4
 Arcjolt                  Conj/Air       11%        1d21      54%         5
 Borgnjor's Vile Clutch   Necr/Erth      5%         N/A       83%         5
 Lee's Rapid Deconstruct  Erth           5%         3d6*      83%         5
 Summon Mana Viper        Hex/Summ       11%        N/A       83%         5
 Yara's Violent Unravell  Hex/Alch       5%         3d4       83%         5
 Plasma Beam              Fire/Air       11%        2x1d22    98%         6
 Bombard                  Conj/Erth      5%         9d2       100%        6
 Death Channel            Necr           5%         N/A       100%        6
 Starburst                Conj/Fire      5%         6d4       100%        6
 Summon Cactus Giant      Summ           5%         N/A       100%        6
 Haunt                    Necr/Summ      5%         N/A       100%        7
 Malign Gateway           Summ/Tloc      16%        N/A       100%        7
 Infestation              Necr           5%         N/A       100%        8
 Maxwell's Capacitive Co  Air            16%        ∞         100%        8
 Summon Horrible Things   Summ           5%         N/A       100%        8


Dungeon Overview and Level Annotations

Branches:
Dungeon (15/15)            Temple (1/1) D:6            Lair (5/5) D:11
 Shoals (4/4) Lair:3        Snake (4/4) Lair:2        Slime (0/5) Lair:5
    Orc (0/2) D:11         Vaults (0/5) D:13         Depths (1/4) D:15
 Bailey (visited)         Gauntlet (visited)

Altars:
Ashenzari
Cheibriados
Dithmenos
Elyvilon
Fedhas
Gozag
Hepliaklqana
Kikubaaqudgha
Makhleb
Nemelex Xobeh
Okawaru
Qazlal
Ru
Sif Muna
Trog
Uskayaw
Vehumet
Wu Jian
Xom
Yredelemnul
Zin
The Shining One
Beogh
Jiyva

Shops:
D:4 *(:!!   D:7 *   D:11 :   D:14 :   Shoals:3 :

Portals:
Hell: Depths:1
Abyss: Depths:1

Annotations:
D:9 1 runed translucent door, HourglassMan's ghost, journeyman FoFi
Depths:1 Sojobo


Innate Abilities, Weirdness & Mutations

You are amphibious.
You cover ground slowly.
You can hop long distances.
You have an extended range of vision and can be seen from far away.
You are agile. (Dex +4, Str/Int -1)
You are strong-willed. (Will+)
Your natural rate of healing is unusually fast.


Message History

The merfolk aquamancer resists with some effort.
The merfolk impaler looks frightened!
The water nymph resists with some effort.
The water elemental is unaffected. x2
The merfolk javelineer looks frightened!
The water elemental is unaffected.
The air elemental is unaffected.
The water elemental is unaffected.
The water nymph easily resists.
The air elemental fires a burst of electricity at you.
The stunning burst hits you.
You shrug off the repeated paralysis!
* * * LOW HITPOINT WARNING * * *
The air elemental hits you.
* * * LOW HITPOINT WARNING * * *
Your resistance to cold fades away.
You feel protected from physical attacks.
You block the air elemental's attack.
The water nymph gestures at you while chanting.
The water swirls and strikes you!
* * * LOW HITPOINT WARNING * * *
The water nymph casts a spell at you. The water swirls and strikes you.
* * * LOW HITPOINT WARNING * * *
The water elemental is engulfed in freezing vapours.
Blink to where?
Press: ? - help, Dir - move target, p - air elemental
As you read the scroll of blinking, it crumbles to dust.
The water elemental is engulfed in freezing vapours.
You feel better.
You feel ready to blink again.
As you read the scroll of fog, it dissolves into smoke.
You hear an angry hiss.
You block the air elemental's attack.
The air elemental fires a burst of electricity at you.
The stunning burst hits you.
You suddenly lose the ability to move!
* * * LOW HITPOINT WARNING * * *
Something's watery aura covers the large open door.
The air elemental hits you.
* * * LOW HITPOINT WARNING * * *
You feel more protected from physical attacks.
The air elemental hits you!
You die...

##. #.. #.#
#.# ~#.#
#..~ ~~#.#
#..~ m~#§#
# #..~
~.#§# #.
.~~# ~E#@#
#..#
~.~#m~#E#
#...~
~~~~mE§#
#...)~
~E~§§.#
#.~.#.E.#P#
#$~EE§~.#P#
#..~#~#.#.#
#.. ~~# #?#
#. ~~~. #.#


You could see a water elemental and an air elemental.

Vanquished Creatures
  Mlioglotl (Shoals:2)
  A tentacled monstrosity (Shoals:2)
  Polyphemus (Shoals:3)
  Gastronok (Lair:1)
  Agnes (Snake:1)
  Donald (Lair:2)
  Ilsuiw (Shoals:2)
  Aizul (Snake:3)
  A frost giant (Depths:1)
  8 nagarajas (Snake:4)
  Louise (Snake:2)
  The ghost of Lubbarad the Hoplite, a journeyman FoFi of Gozag (D:13)
  The ghost of xsansara the Severer, a journeyman MiFi of Okawaru (Lair:5)
  3 stone giants (Depths:1)
  Azrael (Snake:3)
  Nessos (D:13)
  A vampire knight (Depths:1)
  A minotaur (Gauntlet)
  Snorg (D:13)
  7 merfolk impalers
  3 merfolk javelineers (Shoals:2)
  An ice dragon (Depths:1)
  A great orb of eyes (Shoals:3)
  7 hydras
  3 rakshasas
  4 vault guards
  2 catoblepae
  3 merfolk avatars
  An alligator snapping turtle (Shoals:3)
  A merfolk aquamancer (Shoals:2)
  11 anacondas
  5 centaur warriors
  8 naga warriors
  2 boulder beetles
  An ogre mage (D:15)
  A dancing weapon (D:13)
  20 death yaks
  9 two-headed ogres
  2 tengu warriors
  Urug (D:13)
  2 occultists (D:15)
  4 shock serpents
  16 naga sharpshooters
  4 skysharks
  Amaemon (Lair:1)
  2 fire crabs (Gauntlet)
  14 sea snakes
  4 naga ritualists
  6 mana vipers
  2 arcanists
  Pikel (D:7)
  11 harpies
  2 oklob plants
  4 deep elf pyromancers
  2 necromancers
  An orc sorcerer (D:15)
  9 salamanders
  8 cyclopes
  3 fauns
  3 meliai (D:15)
  7 merfolk sirens
  10 manticores
  Joseph (D:10)
  An ugly thing (D:15)
  36 black mambas
  12 elephants
  4 guardian serpents
  4 water nymphs
  A gargoyle (D:13)
  An apocalypse crab (Shoals:3)
  13 naga magi
  3 torpor snails
  An orange demon (Lair:1)
  10 cane toads
  3 centaur skeletons (D:15)
  Maggie (D:10)
  An unseen horror (D:13)
  8 rime drakes
  11 komodo dragons
  2 tengu conjurers
  A kobold demonologist (D:11)
  A yaktaur (D:13)
  A wind drake (Shoals:4)
  12 merfolk
  5 trolls
  3 polar bears
  Prince Ribbit (D:5)
  2 hornets (Lair:5)
  8 snapping turtles
  4 dream sheep (Shoals:2)
  A raiju (Gauntlet)
  A slime creature (Shoals:2)
  17 blink frogs
  A centaur simulacrum (D:15)
  A spriggan (shapeshifter) (D:15)
  A jumping spider (shapeshifter) (D:14)
  12 water elementals
  A vampire (D:11)
  5 wyverns
  23 humans
  5 fire elementals (Snake:3)
  2 wraiths
  64 yaks
  10 fire bats (Gauntlet)
  A golden eye (D:12)
  A steam dragon (Gauntlet)
  5 vampire mosquitoes
  2 basilisks
  30 nagas
  2 acid dragons
  5 hell hounds
  8 water moccasins
  4 orc warriors
  A sky beast (D:7)
  A black bear (D:4)
  5 ice beasts
  2 laughing skulls (D:15)
  3 ogres
  3 boggarts (D:14)
  4 wolves (Lair:2)
  7 kobold brigands
  18 bullfrogs
  2 scorpions
  20 wights
  13 killer bees
  2 electric eels
  8 howler monkeys
  A crimson imp (D:3)
  A hound (D:6)
  A bombardier beetle (D:4)
  5 orc priests
  A gnoll bouda (D:8)
  2 jellies (D:6)
  Crazy Yiuf (D:4)
  A sleepcap (D:4)
  4 iguanas
  21 orc wizards
  5 gnolls
  5 adders
  2 white imps (D:6)
  An ufetubus (D:7)
  An orc zombie (D:10)
  2 ribbon worms
  2 dart slugs
  56 orcs
  8 endoplasms
  6 giant cockroaches
  5 goblins
  7 hobgoblins
  3 quokkas
  4 ball pythons
  4 bats
  7 frilled lizards
  39 kobolds
  3 rats
877 creatures vanquished.

Vanquished Creatures (collateral kills)
  A naga sharpshooter (Snake:4)
  2 fauns (Shoals:2)
  A tengu conjurer (D:15)
4 creatures vanquished.

Vanquished Creatures (others)
  A cane toad (Lair:1)
  A merfolk (Shoals:3)
  A naga (Snake:4)
  2 hell hounds (Gauntlet)
  A boggart (D:14)
  An orc priest (D:11)
  An ufetubus (D:7)
  2 spectral weapons
10 creatures vanquished.

Grand Total: 891 creatures vanquished

Notes
Turn   | Place    | Note
-------+----------+-------------------------------------------
     0 | D:1      | Vendren the Barachi Warper began the quest for the Orb.
     0 | D:1      | Reached XP level 1. HP: 17/17 MP: 3/3
    79 | D:1      | Reached skill level 3 in Fighting
   139 | D:1      | Reached XP level 2. HP: 23/24 MP: 5/5
   485 | D:1      | Reached skill level 4 in Fighting
   589 | D:1      | Reached XP level 3. HP: 30/30 MP: 6/6
  1108 | D:2      | Reached skill level 5 in Fighting
  1122 | D:2      | Reached XP level 4. HP: 39/39 MP: 7/7
  1852 | D:2      | Reached skill level 6 in Fighting
  1904 | D:3      | Reached XP level 5. HP: 46/46 MP: 8/8
  2039 | D:3      | Found a stormy altar of Qazlal.
  2060 | D:3      | Became a worshipper of Qazlal Stormbringer
  2319 | D:3      | Learned a level 2 spell: Blink
  2322 | D:3      | Learned a level 2 spell: Lesser Beckoning
  2326 | D:3      | Learned a level 3 spell: Teleport Other
  2518 | D:3      | Found a radiant altar of Vehumet.
  2518 | D:3      | Found a burning altar of Makhleb.
  2682 | D:4      | Reached skill level 7 in Fighting
  2730 | D:4      | Reached XP level 6. HP: 51/55 MP: 9/9
  2761 | D:4      | Found a glowing golden altar of the Shining One.
  2879 | D:4      | Noticed a black bear
  2893 | D:4      | Killed a black bear
  2893 | D:4      | Reached * piety under Qazlal
  2894 | D:4      | Reached skill level 8 in Fighting
  2987 | D:4      | Found a runed translucent door.
  2988 | D:4      | Noticed Crazy Yiuf
  3177 | D:4      | Killed Crazy Yiuf
  3242 | D:4      | Found Plog's Antique Weapon Shop.
  3247 | D:4      | Found Cusuthro's Book Shop.
  3249 | D:4      | Found Joci's Distillery.
  3249 | D:4      | Found Joqat's General Store.
  3299 | D:4      | Bought a potion of heal wounds for 65 gold pieces
  3299 | D:4      | Bought a potion of haste for 130 gold pieces
  3383 | D:4      | Found Zunkemocs's Distillery.
  3415 | D:4      | Reached XP level 7. HP: 63/63 MP: 10/10
  3682 | D:4      | Reached skill level 9 in Fighting
  3755 | D:5      | Entered Level 5 of the Dungeon
  3761 | D:5      | Reached skill level 1 in Evocations
  3815 | D:5      | Identified the ring of the Duchess {Int+2 SInv}
  3825 | D:5      | Found an opulent altar of Gozag.
  3927 | D:5      | Reached skill level 10 in Fighting
  3927 | D:5      | Reached XP level 8. HP: 39/72 MP: 11/11
  4032 | D:5      | Noticed Prince Ribbit
  4041 | D:5      | Killed Prince Ribbit
  4106 | D:5      | Found a sacrificial altar of Ru.
  4125 | D:5      | Identified the +4 mace "Qamypre" {antimagic, rPois}
  4492 | D:6      | Found a glowing silver altar of Zin.
  4523 | D:6      | Found a staircase to the Ecumenical Temple.
  4543 | Temple   | Entered the Ecumenical Temple
  4610 | D:6      | Noticed a yak
  4612 | D:6      | Noticed a yak
  4613 | D:6      | Noticed a yak
  4614 | D:6      | Noticed a yak
  4623 | D:6      | Killed a yak
  4624 | D:6      | Reached skill level 11 in Fighting
  4624 | D:6      | Reached skill level 5 in Armour
  4624 | D:6      | Killed a yak
  4625 | D:6      | Reached XP level 9. HP: 74/81 MP: 12/12
  5046 | D:6      | Identified 2 scrolls of acquirement
  5307 | D:4      | Bought a potion of resistance for 130 gold pieces
  5465 | D:7      | Reached skill level 12 in Fighting
  5754 | D:7      | Reached ** piety under Qazlal
  5809 | D:7      | Found an ancient bone altar of Kikubaaqudgha.
  5983 | D:7      | Noticed Pikel
  6006 | D:7      | Killed Pikel
  6007 | D:7      | Reached skill level 13 in Fighting
  6007 | D:7      | Reached XP level 10. HP: 60/92 MP: 3/13
  6148 | D:7      | Acquired a manual of Fighting
  6150 | D:7      | Acquired the ring "Avufinna" {Wiz rF+}
  6235 | D:7      | Reached skill level 14 in Fighting
  6355 | D:7      | Reached *** piety under Qazlal
  6534 | D:7      | Found Ataufean's General Store.
  6774 | D:8      | Found a white marble altar of Elyvilon.
  6891 | D:8      | Reached skill level 15 in Fighting
  6958 | D:8      | Found a flagged portal.
  6968 | Bailey   | Entered a bailey
  6988 | Bailey   | Reached skill level 16 in Fighting
  7215 | Bailey   | Reached **** piety under Qazlal
  7222 | Bailey   | Reached skill level 17 in Fighting
  7358 | Bailey   | Noticed a vault guard
  7377 | Bailey   | Killed a vault guard
  7378 | Bailey   | Reached skill level 18 in Fighting
  7406 | Bailey   | Noticed a vault guard
  7420 | Bailey   | Killed a vault guard
  7421 | Bailey   | Reached skill level 19 in Fighting
  7421 | Bailey   | Reached XP level 11. HP: 91/112 MP: 11/14
  7443 | Bailey   | Gained mutation: You sometimes lose your temper in combat.
                  | [potion of mutation]
  7443 | Bailey   | Gained mutation: You are dopey. (Int -2) [potion of
                  | mutation]
  8184 | D:8      | Got the Parchment of Misfortune
  8188 | D:8      | Learned a level 2 spell: Jinxbite
  8606 | D:9      | Found an iron altar of Okawaru.
  8706 | D:9      | Reached skill level 20 in Fighting
  8712 | D:9      | Noticed HourglassMan's ghost (journeyman FoFi)
  8714 | D:9      | Found a runed translucent door.
  8757 | D:9      | Found a shimmering blue altar of Sif Muna.
  8795 | D:9      | Reached skill level 1 in Staves
  9387 | D:9      | Found a faded altar of an unknown god.
  9387 | D:9      | Found a shimmering altar of Xom.
  9455 | D:9      | Found a bloodstained altar of Trog.
  9457 | D:9      | Found an ornate altar of the Wu Jian Council.
  9458 | D:9      | Found a faded altar of an unknown god.
  9712 | D:10     | Entered Level 10 of the Dungeon
  9712 | D:10     | Found a blossoming altar of Fedhas.
  9735 | D:10     | Reached ***** piety under Qazlal
  9747 | D:10     | Reached skill level 1 in Invocations
  9990 | D:10     | Acquired a manual of Staves
 10244 | D:10     | Noticed Joseph
 10254 | D:10     | Killed Joseph
 10255 | D:10     | Reached skill level 5 in Staves
 10337 | D:10     | Found a snail-covered altar of Cheibriados.
 10338 | D:10     | Noticed Maggie
 10352 | D:10     | Killed Maggie
 10555 | D:7      | Bought a +1 pair of gloves of strength for 264 gold pieces
 10844 | D:11     | Noticed a two-headed ogre
 10853 | D:11     | Killed a two-headed ogre
 10854 | D:11     | Reached skill level 21 in Fighting
 11040 | D:11     | Learned a level 4 spell: Vhi's Electric Charge
 11119 | D:11     | Found Venam's Book Boutique.
 11210 | D:11     | Reached XP level 12. HP: 124/124 MP: 15/15
 11235 | D:11     | Noticed a two-headed ogre
 11245 | D:11     | Killed a two-headed ogre
 11357 | D:11     | Found a blossoming altar of Fedhas.
 11363 | D:11     | Noticed a two-headed ogre
 11374 | D:11     | Killed a two-headed ogre
 11403 | D:11     | Found a staircase to the Lair.
 11412 | D:11     | Lost mutation: You are dopey. (Int -2) [potion of mutation]
 11412 | D:11     | Lost mutation: You sometimes lose your temper in combat.
                  | [potion of mutation]
 11412 | D:11     | Gained mutation: You are strong-willed. (Will+) [potion of
                  | mutation]
 11412 | D:11     | Gained mutation: Your natural rate of healing is unusually
                  | fast. [potion of mutation]
 11412 | D:11     | Gained mutation: You are agile. (Dex +4, Str/Int -1)
                  | [potion of mutation]
 11570 | D:11     | Found a staircase to the Orcish Mines.
 11580 | D:11     | Found a roughly hewn altar of Beogh.
 11827 | D:12     | Reached skill level 10 in Staves
 12111 | D:12     | Found a shimmering blue altar of Sif Muna.
 12111 | D:12     | Noticed a boulder beetle
 12164 | D:12     | Killed a boulder beetle
 12967 | D:13     | Reached skill level 22 in Fighting
 12991 | D:13     | Noticed Nessos
 13012 | D:13     | Killed Nessos
 13180 | D:13     | Noticed a vault guard
 13204 | D:13     | Killed a vault guard
 13205 | D:13     | Gained mutation: You can hop long distances. [Barachi
                  | growth]
 13205 | D:13     | Reached XP level 13. HP: 133/133 MP: 11/16
 13257 | D:13     | Noticed a vault guard
 13260 | D:13     | Found a gate leading to a gauntlet.
 13280 | D:13     | Reached skill level 23 in Fighting
 13283 | D:13     | Killed a vault guard
 13307 | D:13     | Found a gate to the Vaults.
 13341 | Gauntlet | Entered a Gauntlet
 13341 | Gauntlet | Found a transporter.
 13341 | Gauntlet | Found a transporter.
 13342 | Gauntlet | Found a transporter.
 13343 | Gauntlet | Found a transporter.
 13348 | Gauntlet | Found a transporter.
 13348 | Gauntlet | Found a transporter.
 13378 | Gauntlet | Found a transporter.
 13407 | Gauntlet | Found a transporter.
 13407 | Gauntlet | Found a transporter.
 13433 | Gauntlet | Noticed a green death
 13438 | Gauntlet | Found a transporter.
 13454 | Gauntlet | Found a transporter.
 13460 | Gauntlet | Found a transporter.
 13462 | Gauntlet | Found a transporter.
 13470 | Gauntlet | Found a transporter.
 13560 | Gauntlet | Identified the ring "Koym" {^Drain rPois rN+ Int+4}
 13611 | Gauntlet | Identified the +11 dagger "Iskaom" {holy, rCorr Str+4
                  | Dex+2}
 13611 | Gauntlet | Noticed a minotaur
 13667 | Gauntlet | Killed a minotaur
 13890 | D:13     | You fall into a shaft and drop 1 floor!
 14003 | D:13     | Noticed Snorg
 14037 | D:13     | Killed Snorg
 14216 | D:13     | Reached skill level 10 in Armour
 14270 | D:13     | Found a runed translucent door.
 14270 | D:13     | Found a shimmering altar of Xom.
 14270 | D:13     | Noticed Lubbarad's ghost (journeyman FoFi)
 14387 | D:13     | Noticed Urug
 14408 | D:13     | Killed Urug
 15004 | D:14     | Reached skill level 5 in Dodging
 15016 | D:14     | Reached skill level 5 in Throwing
 15079 | D:14     | Identified the +9 rapier of the Sheltering Traitor {flame,
                  | Str+3}
 15092 | D:14     | Learned a level 3 spell: Dazzling Flash
 15377 | D:14     | Upgraded the game from 0.32-a0-338-g4f8ebfe289 to
                  | 0.32-a0-355-ged53ad6fd3
 15470 | D:14     | Found Rameag's Book Emporium.
 15663 | D:15     | Entered Level 15 of the Dungeon
 15786 | D:15     | Noticed a rakshasa
 15791 | D:15     | Reached XP level 14. HP: 143/143 MP: 17/17
 16051 | D:15     | Found a staircase to the Depths.
 16057 | Depths:1 | Entered Level 1 of the Depths
 16078 | Depths:1 | Reached skill level 10 in Throwing
 16121 | Depths:1 | Noticed a frost giant
 16138 | Depths:1 | Killed a frost giant
 16173 | Depths:1 | Noticed a vampire knight
 16175 | Depths:1 | Paralysed by a vampire knight for 2 turns
 16199 | Depths:1 | Paralysed by a vampire knight for 3 turns
 16204 | Depths:1 | Killed a vampire knight
 16226 | Depths:1 | Noticed a stone giant
 16228 | Depths:1 | Noticed a stone giant
 16244 | Depths:1 | Killed a stone giant
 16274 | Depths:1 | Killed a stone giant
 16304 | Depths:1 | Noticed a stone giant
 16310 | Depths:1 | Killed a stone giant
 16352 | Depths:1 | Found a one-way gate to the infinite horrors of the Abyss.
 16357 | Depths:1 | Noticed Sojobo
 16359 | Depths:1 | Noticed a tengu reaver
 16370 | Depths:1 | Noticed a stone giant
 16370 | Depths:1 | Noticed a tengu reaver
 16460 | Depths:1 | Found a gateway to Hell.
 17369 | D:13     | Identified the staff of the Bequeathed God {rPois Str+5
                  | Alchemy}
 17429 | D:13     | Killed Lubbarad's ghost
 17621 | Lair:1   | Entered Level 1 of the Lair of Beasts
 17716 | Lair:1   | Noticed Gastronok
 17745 | Lair:1   | Killed Gastronok
 17746 | Lair:1   | Reached skill level 1 in Air Magic
 17800 | Lair:1   | Reached skill level 24 in Fighting
 17840 | Lair:1   | Reached XP level 15. HP: 112/140 MP: 18/18
 17879 | Lair:1   | Noticed Amaemon
 17914 | Lair:1   | Killed Amaemon
 18963 | Lair:2   | Reached skill level 5 in Evocations
 19427 | Lair:2   | Found a staircase to the Snake Pit.
 19825 | Lair:3   | Reached skill level 25 in Fighting
 19856 | Lair:3   | Found a staircase to the Shoals.
 21393 | Lair:5   | Entered Level 5 of the Lair of Beasts
 21445 | Lair:5   | Found a staircase to the Slime Pits.
 21445 | Lair:5   | Found a viscous altar of Jiyva.
 21517 | Lair:5   | Found a runed translucent door.
 21517 | Lair:5   | Noticed xsansara's ghost (journeyman MiFi)
 21543 | Lair:5   | Reached XP level 16. HP: 162/163 MP: 20/22
 21597 | Lair:5   | Reached skill level 5 in Spellcasting
 21905 | Lair:5   | Upgraded the game from 0.32-a0-355-ged53ad6fd3 to
                  | 0.32-a0-377-g951292165a
 21945 | Lair:5   | Reached ****** piety under Qazlal
 22007 | Lair:5   | Reached skill level 26 in Fighting
 22009 | Lair:5   | Reached skill level 1 in Stealth
 22080 | Lair:5   | Found the +8 trident of the Octopus King {venom, rElec
                  | rPois}
 22097 | Lair:5   | Identified the +2 trident "Efexis" {freeze, rC+ Will+
                  | Dex-4}
 22106 | Lair:5   | Learned a level 4 spell: Manifold Assault
 22469 | Lair:5   | Killed xsansara's ghost
 22626 | Snake:1  | Entered Level 1 of the Snake Pit
 22626 | Snake:1  | Noticed Donald
 22769 | Lair:2   | Killed Donald
 22831 | Snake:1  | Noticed Agnes
 22846 | Snake:1  | Killed Agnes
 23036 | Snake:1  | Reached skill level 5 in Translocations
 23449 | Snake:2  | Noticed Louise
 23501 | Snake:2  | Killed Louise
 23788 | Snake:2  | Learned a level 4 spell: Dimensional Bullseye
 24307 | Snake:3  | Noticed Azrael
 24324 | Snake:3  | Killed Azrael
 24329 | Snake:3  | Reached XP level 17. HP: 150/173 MP: 24/24
 24626 | Snake:3  | Reached skill level 27 in Fighting
 24633 | Snake:3  | Identified the serpent talisman of Cynicism {Dex+5 Stlth+}
 24633 | Snake:3  | Noticed Aizul
 24657 | Snake:3  | Killed Aizul
 25275 | Snake:4  | Entered Level 4 of the Snake Pit
 25433 | Snake:4  | Reached skill level 15 in Armour
 25903 | Snake:4  | Learned a level 1 spell: Slow
 26737 | Snake:4  | Reached skill level 5 in Polearms
 26988 | Snake:4  | Got a serpentine rune of Zot
 27380 | Shoals:1 | Entered Level 1 of the Shoals
 27380 | Shoals:1 | Found a basalt altar of Yredelemnul.
 27468 | Shoals:2 | Noticed Mlioglotl
 27478 | Shoals:2 | Reached skill level 10 in Dodging
 27479 | Shoals:2 | Killed Mlioglotl
 27480 | Shoals:2 | Reached XP level 18. HP: 126/182 MP: 30/30
 27483 | Shoals:2 | Noticed Ilsuiw
 27720 | Shoals:3 | Noticed Polyphemus
 27754 | Shoals:3 | Killed Polyphemus
 27941 | Shoals:2 | Killed Ilsuiw
 27977 | Shoals:3 | Noticed a tentacled monstrosity
 28079 | Shoals:2 | Killed a tentacled monstrosity
 28255 | Shoals:3 | Found Qyottiozergh's Self-Improvement Boutique.
 28288 | Shoals:3 | Acquired 642 gold pieces
 28311 | Shoals:3 | Bought a manual of Armour for 1600 gold pieces
 28451 | Shoals:3 | Got the Grimoire of Mad Ravings
 28453 | Shoals:3 | Identified the ring "Sutokyze" {^Drain rPois Str+4 Int+8}
 28463 | Shoals:4 | Entered Level 4 of the Shoals
 28522 | Shoals:4 | HP: 9/182 [merfolk impaler/+5 trident of freezing (7)]
 28530 | Shoals:4 | Paralysed by an air elemental for 1 turns
 28533 | Shoals:4 | HP: 7/182 [water nymph/the raging water (13)]
 28536 | Shoals:4 | Paralysed by an air elemental for 1 turns
 28537 | Shoals:4 | Slain by an air elemental

Illustrated notes

Levels and vault maps discovered:
D:1:      psy_arrival_fountain, layout_basic, amcnicky_mini_rare_corridor_liquid
D:2:      minmay_kobold_bridge, layout_loops_cross
D:3:      layout_loops_cross, grunt_temple_overflow_lords_of_destruction,
          mainiacjoe_overflow_boulevard
D:4:      layout_loops_cross, mainiacjoe_overflow_cross_hatched, serial_shops,
          shop, minmay_shop_grid_forest, minmay_misc_feat_secret_circle,
          uniq_crazy_yiuf_cottage
D:5:      layout_gridville, nicolae_ru_the_path_less_chosen,
          nicolae_gozag_cash_rules_everything_around_me, uniq_prince_ribbit1
D:6:      layout_basic, old_standard_altar, minmay_temple_entry_stoned_glass,
          minmay_fractal_squares_gapless_5
D:7:      layout_loops_corners, mainiacjoe_overflow_chevrons, serial_shops,
          nicolae_shop_getting_attention, uniq_pikel
D:8:      layout_basic, mainiacjoe_overflow_six_doors_small, enter_bailey_2,
          serial_corexii_hall, corexii_hall_statues_x,
          chequers_hall_statues_wall_a, chequers_hall_statues_corner_a,
          chequers_hall_statues_corner_a, corexii_hall_statues_x,
          corexii_hall_statues_deadend, nicolae_titane
D:9:      layout_roguey, mainiacjoe_overflow_small_starburst,
          okawaru_gym_becter, chequers_temple_overflow_minitemple,
          hellmonk_ghost_happy_afterlife
D:10:     layout_roguey, slow_altar_1, mainiacjoe_overflow_catwalk, uniq_joseph,
          uniq_maggie
D:11:     layout_basic, david_lair_shrubbed, minmay_orc_entry_temple_small,
          serial_shops, shop, fedhas_altar_1
D:12:     layout_basic, grunt_decor_cap, st_stairs_10, kennysheep_small_circle
D:13:     layout_cave_pods, grunt_vaults_entry_tiered, ebering_ghost_xom,
          gauntlet_entry_generic, uniq_nessos, uniq_snorg, uniq_urug
D:14:     layout_long_grid, serial_shops, nicolae_shop_back_alley_shop, hex_tiny
D:15:     grunt_enter_depths_magical_seal, layout_basic,
          minmay_increasing_density
Temple:   nicolae_temple_superstar
Lair:1:   layout_regular_city, grunt_megastairs_3, infiniplex_staircase_pool_2,
          lemuel_fruit_tree, serial_bayou_shore_a, uniq_gastronok, uniq_amaemon
Lair:2:   layout_long_grid, minmay_snake_entry_spellcaster,
          serial_bayou_crossing, lemuel_fruit_fields, grunt_megastairs_5
Lair:3:   layout_roguey, minmay_shoals_entry_lonely_mermaid,
          chequers_serial_rivers_micro_d, chequers_serial_rivers_room_b
Lair:4:   hellmonk_ruined_rings, layout_regular_city,
          chequers_serial_rivers_large_b, minmay_lair_oklob_bushes
Lair:5:   gammafunk_lair_ancient_temple, layout_gridlike, slime_entry_1,
          gammafunk_ghost_grave, columned_hall_lemuel
Shoals:1: layout_shoals, lemuel_oklob_altar
Shoals:2: layout_shoals, serial_shops, nicolae_shop_pleasant_corner_grove,
          nicolae_shoals_beach_cooler, uniq_ilsuiw, uniq_mlioglotl
Shoals:3: dreamdust_from_the_deep, layout_shoals, nicolae_shop_self_help,
          uniq_polyphemus
Shoals:4: shoals_end_hellmonk_storm_palace [storm_palace_center_circular,
          storm_palace_corner_narrow, storm_palace_corner_narrow,
          storm_palace_corner_blocked, storm_palace_corner_grid]
Snake:1:  layout_cave_shapes, uniq_agnes, uniq_donald
Snake:2:  layout_concentric_octagons, grunt_megastairs_1, uniq_louise
Snake:3:  layout_grid_shapes, special_room, grunt_ministairs_11, uniq_azrael,
          uniq_aizul
Snake:4:  grunt_snake_rune_pools, layout_gridlike,
          hangedman_snake_thin_pillar_pass, nicolae_triple_integral
Depths:1: layout_big_octagon, hell_entry, kennysheep_small_spiral,
          enter_trove_6, abyss_entry, serial_shops, kennysheep_little_box,
          tso_altar, uniq_sojobo

Skill      XL: |  1  2  3  4  5  6  7  8  9 10 11 12 13 14 15 16 17 18 |
---------------+-------------------------------------------------------+-----
Fighting       | 3 4 5 6 7 8 10 11 13 19 21 22 23 24 25 26 27 | 27.0
Evocations     | 3 5 |  5.2
Armour         | 2 5 8 10 12 13 14 15 17 | 17.1
Dodging        | 4 5 7 8 10 | 10.0
Staves         | 7 13 14 | 14.2
Throwing       | 2 7 12 | 12.4
Invocations    | 1 3 |  3.1
Air Magic      | 1 3 4 |  4.0
Spellcasting   | 4 5 8 9 |  9.0
Translocations | 6 7 8 |  8.0
Stealth        | 2 |  2.0
Polearms       | 5 7 |  7.9

Action                     |  1- 3 |  4- 6 |  7- 9 | 10-12 | 13-15 | 16-18 || total
---------------------------+-------+-------+-------+-------+-------+-------++-------
  Melee: Spear             |   101 |   154 |       |       |       |       ||   255
         Trident           |       |    89 |     9 |       |       |   634 ||   732
         Quarterstaff      |       |     7 |   143 |   667 |  1232 |   750 ||  2799
         Battleaxe         |       |       |       |       |    10 |       ||    10
         Dagger            |       |       |       |       |    15 |       ||    15
         Staff             |       |       |       |       |    12 |       ||    12
         Unarmed           |       |       |       |       |       |    78 ||    78
         Halberd           |       |       |       |       |       |     2 ||     2
   Fire: Arbalest          |       |     3 |     9 |       |       |       ||    12
         Longbow           |       |       |       |       |     1 |       ||     1
  Throw: Stone             |       |     8 |       |       |       |       ||     8
         Dart              |       |     2 |       |    12 |     8 |    11 ||    33
         Javelin           |       |       |    42 |    46 |    44 |    27 ||   159
         Boomerang         |       |       |       |    25 |    16 |    58 ||    99
   Cast: Blink             |       |     2 |     3 |    10 |    21 |    12 ||    48
         Teleport Other    |       |     1 |     3 |     1 |     4 |       ||     9
         Lesser Beckoning  |       |       |     3 |     4 |    11 |    10 ||    28
         Jinxbite          |       |       |       |     2 |     1 |       ||     3
         Vhi's Electric Ch |       |       |       |     1 |    11 |    35 ||    47
         Dazzling Flash    |       |       |       |       |     2 |     1 ||     3
         Manifold Assault  |       |       |       |       |       |    81 ||    81
         Slow              |       |       |       |       |       |     2 ||     2
 Invoke: Upheaval          |       |       |       |    12 |     4 |     1 ||    17
         Elemental Force   |       |       |       |       |     2 |     1 ||     3
Ability: Hop               |     1 |     1 |     2 |     3 |    12 |     7 ||    26
  Evoke: Wand              |       |       |     9 |    41 |    18 |    16 ||    84
         Lightning rod     |       |       |       |       |    10 |    11 ||    21
         Tin of tremorston |       |       |       |       |     3 |       ||     3
    Use: Scroll            |       |     2 |     6 |     9 |    19 |    12 ||    48
         Potion            |       |     1 |       |     6 |     6 |    15 ||    28
   Stab: Sleeping          |     1 |       |       |       |       |       ||     1
         Paralysed         |       |       |     1 |     1 |     3 |     1 ||     6
         Petrifying        |       |       |       |     1 |       |       ||     1
         Distracted        |       |       |       |     1 |     3 |       ||     4
         Petrified         |       |       |       |     1 |       |     1 ||     2
         Confused          |       |       |       |     1 |       |       ||     1
 Armour: Leather armour    |    42 |   100 |       |       |       |       ||   142
         Ring mail         |       |    55 |   119 |    69 |       |       ||   243
         Scale mail        |       |    11 |       |   193 |       |       ||   204
         Chain mail        |       |       |       |    62 |       |       ||    62
         Troll leather arm |       |       |       |   171 |   737 |   786 ||  1694
         Plate armour      |       |       |       |       |    93 |       ||    93
         Skin              |       |       |       |       |       |    39 ||    39
  Dodge: Dodged            |    38 |   123 |    83 |   356 |   626 |   846 ||  2072
         Repelled          |       |       |       |     4 |     8 |    49 ||    61
  Block: Other             |       |       |     8 |   133 |   428 |   539 ||  1108
         Reflection        |       |       |       |       |    16 |    74 ||    90

Table legend: (Time is in decaauts)
 A = Elapsed time spent in this place.
 B = Non-inter-level travel time spent in this place.
 C = Inter-level travel time spent in this place.
 D = Time resting spent in this place.
 E = Time spent auto-exploring this place.
 F = Levels seen in this place.
 G = Mean time per level.
                   A        B        C        D        E       F      G
               +--------+--------+--------+--------+--------+-----+--------+
         Total |  31665 |  25471 |   6194 |      0 |  16372 |  32 |  989.5 |
       Dungeon |  18567 |  14261 |   4306 |      0 |   9626 |  15 | 1237.8 |
        Temple |      1 |      1 |      0 |      0 |      0 |   1 |    1.0 |
          Lair |   5809 |   4876 |    933 |      0 |   3432 |   5 | 1161.8 |
        Shoals |   1188 |    897 |    291 |      0 |     92 |   4 |  297.0 |
     Snake Pit |   4598 |   3973 |    625 |      0 |   2908 |   4 | 1149.5 |
        Depths |    464 |    427 |     37 |      0 |      0 |   1 |  464.0 |
        Bailey |    605 |    605 |      0 |      0 |    312 |   1 |  605.0 |
      Gauntlet |    429 |    429 |      0 |      0 |      0 |   1 |  429.0 |
               +--------+--------+--------+--------+--------+-----+--------+

Top non-repeatable levels by time:
    D:13: 2024 daAuts
 Snake:4: 1970 daAuts
     D:7: 1644 daAuts
  Lair:2: 1633 daAuts
     D:8: 1563 daAuts
     D:4: 1522 daAuts
     D:9: 1433 daAuts
    D:12: 1412 daAuts
 Snake:3: 1285 daAuts
  Lair:5: 1203 daAuts
    D:11: 1084 daAuts
    D:14: 1044 daAuts
     D:3: 1030 daAuts
    D:15: 1019 daAuts
  Lair:4: 1017 daAuts
